[Event "*** Qualifier 3: Titled Tuesday 3|2 Blitz"]
[Site "Chess.com"]
[Date "2017.04.18"]
[Round "8"]
[White "iturrizaga"]
[Black "TenisMaster"]
[Result "1-0"]
[WhiteElo "2658"]
[BlackElo "2662"]
[TimeControl "180+2"]
[EndTime "14:46:46 PDT"]
[Termination "iturrizaga won by resignation"]

1. Nf3 d5 2. c4 c6 3. e3 Nf6 4. Nc3 e6 5. Qc2 Nbd7 6. b3 b6 7. Bb2 Bb7 8. Be2 Bd6 9. g4 Nxg4 10. Rg1 Nge5 11. Rxg7 Qf6 12. Rg3 Qe7 13. Nxe5 Bxe5 14. f4 Bf6 15. O-O-O dxc4 16. Bxc4 O-O-O 17. d4 Kb8 18. Kb1 h6 19. e4 Qf8 20. e5 Be7 21. f5 exf5 22. Qxf5 c5 23. d5 Bh4 24. Rg4 Bg5 25.
Re4 Bc8 26. Qf2 Re8 27. Nb5 Nf6 28. Ree1 Ng4 29. Qg3 f5 30. exf6+ 1-0

[Event "*** Qualifier 3: Titled Tuesday 3|2 Blitz"]
[Site "Chess.com"]
[Date "2017.04.18"]
[Round "8"]
[White "GMSAGOR"]
[Black "NMJeevanK"]
[Result "0-1"]
[WhiteElo "2073"]
[BlackElo "2231"]
[TimeControl "180+2"]
[EndTime "14:46:47 PDT"]
[Termination "NMJeevanK won by checkmate"]

1. e4 e5 2. Nf3 Nc6 3. d4 exd4 4.
Nxd4 Bc5 5. Nxc6 Qf6 6. Qf3 dxc6 7. Nc3 Qe7 8. Bd3 Nf6 9. h3 h6 10. Bf4 Be6 11. O-O-O O-O-O 12. Kb1 Bd4 13. Ne2 Rhe8 14. Nxd4 Rxd4 15. b3 Red8 16. Be5 Rb4 17. Bxf6 gxf6 18.
Qe3 c5 19. Qxh6 c4 20. Be2 cxb3 21. axb3 Rg8 22. Qe3 Rb6 23. g3 Qa3 24. Rd3 Ra6 25. Qd4 Qa2+ 26. Kc1 Qa1+ 27. Kd2 Qxh1 28. Qxf6 Qxh3 29.
f4 Qh8 30. Qe7 Re8 31. Qc5 Rd8 32. f5 Qh6+ 33. Qe3 Rxd3+ 34. Bxd3 Qh2+ 35. Kc3 Rc6+ 36. Kb2 Qh8+ 37. Kc1 Bxb3 38. e5 Kb8 39. Be4 Qxe5 40.
Qg5 Qa1+ 41. Kd2 Qd4+ 42. Kc1 f6 43. Qg7 Qe3+ 44. Kb1 Bxc2+ 45. Bxc2 Rb6+ 46. Ka2 a6 47. Qg8+ Ka7 48. Qc4 Qe5 49. g4 Qb2# 0-1

[Event "*** Qualifier 3: Titled Tuesday 3|2 Blitz"]
[Site "Chess.com"]
[Date "2017.04.18"]
[Round "8"]
[White "Rating-Schmating"]
[Black "andreimacovei2000"]
[Result "0-1"]
[WhiteElo "2292"]
[BlackElo "2391"]
[TimeControl "180+2"]
[EndTime "14:46:55 PDT"]
[Termination "andreimacovei2000 won by resignation"]

1. e4 e5 2. Nf3 Nc6 3. d4 exd4 4. Nxd4 Bc5 5. Nxc6 Qf6 6. Qf3 bxc6 7. Bc4 Rb8 8.
Bb3 Bd4 9. c3 Qxf3 10. gxf3 Bf6 11. Be3 a5 12. Bd4 d6 13. Nd2 Bd7 14. O-O-O c5 15.
Bxf6 Nxf6 16. Nc4 a4 17. Bc2 O-O 18. e5 dxe5 19. Nxe5 Be6 20. Bxa4 Bxa2 21. Nd7 Nxd7 22.
Rxd7 Rfe8 23. Rhd1 g6 24. Bc2 Re2 25. Rxc7 Rxc2+ 26. Kxc2 Bb3+ 27. Kc1 Bxd1 28. Kxd1 Rxb2 29. Ke1 Rb1+ 30. Ke2 Rh1 31. Rxc5 Rxh2 32. Rc8+ Kg7 33. c4 Rh1 34. c5 h5 35. f4 Rc1 36.
Kf3 Kf6 37. c6 Kf5 38. Kg3 Rc3+ 39. Kg2 Kxf4 40. Rf8 f5 41. Rf6 g5 42. Rh6 h4 43.
Rd6 g4 44. Rh6 h3+ 45. Kh2 Rc2 46. Kg1 Rc1+ 47. Kh2 Rf1 48. c7 Rxf2+ 49. Kg1 Rc2 50. Rh7 Kg3 51. Kf1 h2 52. Ke1 Rxc7 53. Rh6 Kg2 54. Rh5 h1=Q+ 55. Kd2 Qxh5 0-1

[Event "*** Qualifier 3: Titled Tuesday 3|2 Blitz"]
[Site "Chess.com"]
[Date "2017.04.18"]
[Round "8"]
[White "JusticeBot"]
[Black "kikydu96"]
[Result "1-0"]
[WhiteElo "2524"]
[BlackElo "2359"]
[TimeControl "180+2"]
[EndTime "14:46:56 PDT"]
[Termination "JusticeBot won by resignation"]

1. e4 c5 2. c3 Nf6 3. e5 Nd5 4. d4 cxd4 5. Nf3 Nc6 6. Bc4 Nb6 7.
Bb3 d5 8. exd6 e6 9. cxd4 Bxd6 10. Nc3 h6 11. O-O O-O 12. Qe2 Bd7 13. Bc2 Nb4 14. Bb1 N4d5 15. Qd3 f5 16. Re1 Qf6 17. Ne5 Be8 18. Bd2 Rc8 19. a4 Nb4 20. Qe2 Bxe5 21. dxe5 Qe7 22. Nb5 Bxb5 23. axb5 Nc2 24. Bxc2 Rxc2 25. Bb4 Rxe2 26. Bxe7 Rxe1+ 27. Rxe1 Rc8 28. Ra1 Nd5 29. Bd6 Rc2 30. b4 Nc3 31. b6 a6 32.
f3 Kf7 33. Rxa6 Ne2+ 34. Kf1 Nd4 35. Ra7 Kg6 36. Rxb7 Rc1+ 37. Kf2 f4 38. Rc7 Rb1 39. b7 Rb2+ 40. Ke1 Rxg2 41. b8=Q Nc2+ 42. Rxc2 1-0

[Event "*** Qualifier 3: Titled Tuesday 3|2 Blitz"]
[Site "Chess.com"]
[Date "2017.04.18"]
[Round "8"]
[White "SabinaFoisor"]
[Black "Sanan_Sjugirov"]
[Result "1-0"]
[WhiteElo "2273"]
[BlackElo "2623"]
[TimeControl "180+2"]
[EndTime "14:47:00 PDT"]
[Termination "SabinaFoisor won by resignation"]

1. d4 Nf6 2. Nf3 e6 3. c4 b6 4. e3 Bb7 5. Bd3 d5 6. O-O Be7 7. b3 O-O 8. Bb2 Nbd7 9. Nc3 c5 10. cxd5 exd5 11. Rc1 a6 12. Qe2 Re8 13. Rfd1 Bd6 14. Qf1 Qe7 15. Ne2 g6 16. Ng3 Ne4 17. dxc5 Ndxc5 18. Be2 h5 19. Nxe4 dxe4 20. Nd4 h4 21. g3 Nd3 22. Bxd3 exd3 23. Qxd3 hxg3 24. hxg3 Bc5 25.
b4 Be4 26. Qf1 Bxd4 27. Rxd4 Qe6 28. Rcc4 Qf5 29. Qe2 Rad8 30. g4 Qb5 31. a4 Qxa4 32. Rxe4 Rxe4 33. Rxe4 1-0

[Event "*** Qualifier 3: Titled Tuesday 3|2 Blitz"]
[Site "Chess.com"]
[Date "2017.04.18"]
[Round "8"]
[White "Roachelley"]
[Black "DavidMarkosyan"]
[Result "1-0"]
[WhiteElo "2171"]
[BlackElo "2337"]
[TimeControl "180+2"]
[EndTime "14:47:09 PDT"]
[Termination "Roachelley won by checkmate"]

1. d4 Nf6 2. c4 g6 3. Nc3 Bg7 4. g3 O-O 5. Bg2 d6 6. Nf3 Nbd7 7. O-O e5 8. e4 c6 9. Be3 Ng4 10. Bg5 Qb6 11. d5 c5 12. h3 Ngf6 13. Qc2 h6 14. Be3 Qd8 15. Ne1 Ne8 16. Nd3 a6 17. a3 Rb8 18. a4 b6 19. Rae1 Nef6 20. Kh2 Nh5 21. Qd2 Kh7 22. Bf3 Nhf6 23. Bd1 Ng8 24. Bc2 Ngf6 25. f4 exf4 26. gxf4 Nh5 27. Rg1 Re8 28. Qf2 Bxc3 29. bxc3 Rxe4 30. Ne5 Rxe3 31. Rxe3 dxe5 32. fxe5 Qe7 33. e6 Ndf6 34. exf7 Qd6+ 35. Kh1 Bf5 36. Bxf5 gxf5 37. Qxf5+ Kh8 38. Qg6 Qf4 39. Re8+ Rxe8 40.
fxe8=Q+ Nxe8 41. Qg8# 1-0

[Event "*** Qualifier 3: Titled Tuesday 3|2 Blitz"]
[Site "Chess.com"]
[Date "2017.04.18"]
[Round "8"]
[White "aRk_iN"]
[Black "CM_FM_IM_GM"]
[Result "1-0"]
[WhiteElo "2104"]
[BlackElo "2007"]
[TimeControl "180+2"]
[EndTime "14:47:11 PDT"]
[Termination "aRk_iN won by resignation"]

1. e4 c6 2. d4 d5 3. Nc3 dxe4 4.
Nxe4 Nd7 5. Ng5 Ngf6 6. Bd3 e6 7. N1f3 Bd6 8. Qe2 O-O 9. O-O h6 10. Ne4 Nxe4 11. Qxe4 Nf6 12. Qh4 Nh7 13. Qe4 Nf6 14.
Qh4 Nh7 15. Qxd8 Rxd8 16. Be3 b6 17. Ne5 Bb7 18. Be4 Rac8 19. c3 Nf6 20. Bf3 Ba8 21.
a4 a5 22. Nc4 Bc7 23. d5 exd5 24. Nxb6 Rb8 25. Nxa8 Rxa8 26. b4 Be5 27. Ra3 axb4 28. cxb4 Bd6 29. Rb1 Rdb8 30. Bd2 Rb7 31. Raa1 Rba7 32.
a5 Rb8 33. Be3 Raa8 34. Bd2 Be5 35. Ra2 Bc7 36. Rc1 Bd6 37. Rxc6 Bxb4 38. Bxb4 Rxb4 39. h3 Rb1+ 40. Kh2 Rb5 41. a6 d4 42. Rxf6 gxf6 43. Bxa8 d3 44. Bf3 1-0

[Event "*** Qualifier 3: Titled Tuesday 3|2 Blitz"]
[Site "Chess.com"]
[Date "2017.04.18"]
[Round "8"]
[White "MartinMatthiesen"]
[Black "saraswathii"]
[Result "1-0"]
[WhiteElo "2234"]
[BlackElo "2217"]
[TimeControl "180+2"]
[EndTime "14:47:15 PDT"]
[Termination "MartinMatthiesen won by resignation"]

1. d4 d5 2. c4 e6 3. Nc3 Nf6 4.
Nf3 c5 5. cxd5 exd5 6. g3 Be6 7.
Bg2 Nc6 8. O-O c4 9. Ng5 Qb6 10. e4 dxe4 11. d5 O-O-O 12. Nxe6 fxe6 13. dxc6 Rxd1 14. cxb7+ Qxb7 15. Rxd1 Bc5 16. Bg5 Qxb2 17. Bxf6 Bxf2+ 18. Kh1 gxf6 19. Nxe4 Rd8 20. Rdb1 Qe2 21. Rc1 f5 22. Nc3 Qd2 23. Nb5 Qd3 24. Rc3 Qe2 25.
Bf1 Rd1 26. Rxd1 Qxd1 27. Kg2 Qd2 28. Rxc4+ Kb7 29. Kh3 Bg1 30. Bg2+ Kb6 31. Nc3 Qh6+ 32.
Rh4 Qg7 33. Ne2 e5 34. Nxg1 e4 35. Ne2 Qf7 36. Nf4 Qxa2 37. Rh6+ Kc5 38. Rxh7 e3 39. Re7 Kd6 40. Rxe3 1-0

[Event "*** Qualifier 3: Titled Tuesday 3|2 Blitz"]
[Site "Chess.com"]
[Date "2017.04.18"]
[Round "8"]
[White "matiss90"]
[Black "chessking2151"]
[Result "0-1"]
[WhiteElo "2301"]
[BlackElo "2337"]
[TimeControl "180+2"]
[EndTime "14:47:23 PDT"]
[Termination "chessking2151 won by checkmate"]

1. e4 c5 2. Nf3 d6 3. d4 cxd4 4.
Nxd4 Nf6 5. Nc3 a6 6. Bc4 e6 7. Bb3 Nc6 8. Be3 Be7 9. Qe2 Qc7 10.
O-O-O b5 11. g4 Bb7 12. g5 Nd7 13. Bxe6 fxe6 14. Nxe6 Qa5 15. Nd5 Nde5 16. Kb1 Nb4 17. Nxb4 Qxb4 18. Nxg7+ Kd7 19. Nf5 Nc4 20. Bd4 Rhc8 21.
Ka1 Bd8 22. Bc3 Qa4 23. Nxd6 Nxd6 24. Be5 Qxe4 25. Rxd6+ Ke7 26. Qxe4 Bxe4 27. Re1 Bxc2 28. Bf4+ Kf7 29. Rd7+ Kg6 30. h4 Ba5 31. Rd6+ Kh5 32. Rh6+ Kg4 33. Rg1+ Kxf4 34. Rf6+ Bf5 35. Re1 Rf8 36.
Rxf8 Rxf8 37. Re7 Rd8 38. a3 Rd1+ 39. Ka2 Bb1+ 40. Kb3 Rd3# 0-1

[Event "*** Qualifier 3: Titled Tuesday 3|2 Blitz"]
[Site "Chess.com"]
[Date "2017.04.18"]
[Round "8"]
[White "ChristopherYoo"]
[Black "Rogue_King"]
[Result "1-0"]
[WhiteElo "2268"]
[BlackElo "2115"]
[TimeControl "180+2"]
[EndTime "14:47:27 PDT"]
[Termination "ChristopherYoo won by checkmate"]

1. e4 c6 2. d4 d5 3. Nc3 dxe4 4. Nxe4 Bf5 5. Ng3 Bg6 6. h4 h6 7. Nf3 Nd7 8. h5 Bh7 9. Bd3 Bxd3 10. Qxd3 e6 11. Bd2 Ngf6 12. O-O-O Be7 13. Qe2 c5 14. dxc5 Nxc5 15. Ne5 Qb6 16. Rh4 Nd5 17. Rg4 Bf6 18. Nc4 Qa6 19. Kb1 Rc8 20. Nf5 Kf8 21. Nfd6 Rc6 22. Ne4 Bxb2 23. Nxc5 Rxc5 24. Kxb2 f5 25. Rd4 Rb5+ 26. Ka1 Kf7 27. Nd6+ Kf6 28. Nxb5 Rc8 29. Qd3 Qc6 30. c4 Nb6 31. Rd6 Qc5 32. Bc3+ Kf7 33. Rd7+ Kg8 34. Rxg7+ Kf8 35. Qd6+ Qxd6 36.
Nxd6 Rd8 37. Rf7+ Kg8 38. Re7 Nxc4 39. Rxe6 Nb6 40. Rd3 Nd7 41. Rg3+ Kf8 42. Bg7+ Kg8 43. Bf6+ Kf8 44. Be7# 1-0

[Event "*** Qualifier 3: Titled Tuesday 3|2 Blitz"]
[Site "Chess.com"]
[Date "2017.04.18"]
[Round "8"]
[White "Schemato"]
[Black "ABDELAZEEZ-M"]
[Result "1-0"]
[WhiteElo "2245"]
[BlackElo "2113"]
[TimeControl "180+2"]
[EndTime "14:47:27 PDT"]
[Termination "Schemato won by resignation"]

1. c4 c5 2. g3 Nc6 3. Bg2 g6 4.
Nc3 Bg7 5. Nf3 e5 6. O-O d6 7. a3 Nge7 8. Rb1 a5 9. Ne1 Be6 10. d3 O-O 11. Nc2 f5 12. b4 e4 13.
Bd2 axb4 14. axb4 exd3 15. exd3 cxb4 16. Nxb4 Ra3 17. Qc1 Ra7 18. Re1 Nd4 19. Be3 Bf7 20. Nc2 Nxc2 21. Qxc2 Ra3 22. Nb5 Ra5 23. Bxb7 d5 24.
Bg5 Re8 25. Bc6 h6 26. Bxe8 hxg5 27. Bxf7+ Kxf7 28. c5 Nc6 29. Nd6+ Kg8 30. Rb7 Nd4 31. Qd1 Qf6 32. Re8+ Bf8 33. Rf7 Qxf7 34. Nxf7 Kxf7 35.
Rc8 Bg7 36. Kg2 f4 37. Rc7+ Kg8 38. gxf4 gxf4 39. Qg4 f3+ 40. Kh3 Kh7 41. Qxd4 1-0

[Event "*** Qualifier 3: Titled Tuesday 3|2 Blitz"]
[Site "Chess.com"]
[Date "2017.04.18"]
[Round "8"]
[White "DiogenesSinopeus"]
[Black "grzechu96"]
[Result "0-1"]
[WhiteElo "2271"]
[BlackElo "2387"]
[TimeControl "180+2"]
[EndTime "14:47:31 PDT"]
[Termination "grzechu96 won by resignation"]

1. d4 Nf6 2. c4 g6 3. Nc3 d5 4. cxd5 Nxd5 5. e4 Nxc3 6. bxc3 Bg7 7. Bb5+ Bd7 8. Be2 c5 9. Nf3 Qc8 10. O-O O-O 11. Be3 Bg4 12. h3 Bxf3 13. Bxf3 Rd8 14. d5 c4 15. Be2 e6 16. Bd4 exd5 17. Bxg7 Kxg7 18. exd5 Qc5 19. Rb1 Rxd5 20. Qa4 b5 21.
Qc2 Nc6 22. Bf3 Rd3 23. a4 a6 24. Be4 Rd6 25. Rb2 Rb8 26. Rfb1 Na5 27. axb5 axb5 28. Bf3 Nb3 29. Rd1 Rbd8 30. Rxd6 Rxd6 31. Qe4 Re6 32. Qf4 Re1+ 33. Kh2 Qa3 34. Re2 Rxe2 35. Bxe2 Qc5 36. Bg4 Qd5 37. Qc7 Nc5 38. Bf3 Qg5 39. Bc6 Nd3 40.
Bxb5 Qxb5 0-1

[Event "*** Qualifier 3: Titled Tuesday 3|2 Blitz"]
[Site "Chess.com"]
[Date "2017.04.18"]
[Round "8"]
[White "GamayevOleg"]
[Black "GianmarcoVaR"]
[Result "0-1"]
[WhiteElo "2401"]
[BlackElo "2472"]
[TimeControl "180+2"]
[EndTime "14:47:33 PDT"]
[Termination "GianmarcoVaR won by resignation"]

1. d3 Nf6 2. e4 c5 3. Nf3 Nc6 4. c3 g6 5. a4 Bg7 6. Be2 O-O 7. O-O d6 8. h3 c4 9. d4 Nxe4 10. Bxc4 d5 11. Bd3 Nd6 12. Nbd2 Bf5 13. Bxf5 Nxf5 14. Re1 e6 15. Qb3 Na5 16. Qc2 Rc8 17. Qd3 Qb6 18. Re2 Rc7 19. Ne1 Rfc8 20. Nc2 Nxd4 21. Nxd4 Bxd4 22. Nf3 Bg7 23. Bf4 Rc4 24. Be5 Nb3 25. Rae1 Nc5 26. Qd1 Nxa4 27. Bxg7 Kxg7 28. Qd2 Nc5 29.
Nd4 Nb3 30. Nxb3 Qxb3 31. h4 Rxh4 32. g3 Rhc4 33. Qg5 Qb6 34. Kg2 d4 35. Rh1 Qc6+ 36. Kg1 dxc3 37. bxc3 Rxc3 38. Qh6+ Kg8 39. Qxh7+ Kf8 40.
Kh2 Qf3 41. Rd2 R3c5 42. g4 Qf4+ 43. Kg2 Qxg4+ 44. Kf1 Rc1+ 0-1

[Event "*** Qualifier 3: Titled Tuesday 3|2 Blitz"]
[Site "Chess.com"]
[Date "2017.04.18"]
[Round "8"]
[White "stefanodinn"]
[Black "WanderingPuppet"]
[Result "0-1"]
[WhiteElo "2187"]
[BlackElo "2303"]
[TimeControl "180+2"]
[EndTime "14:47:34 PDT"]
[Termination "WanderingPuppet won on time"]

1. e4 c5 2. Nf3 e6 3. d4 cxd4 4. Nxd4 a6 5. Nc3 b5 6. Bd3 Bb7 7. O-O d6 8. a4 b4 9. Na2 Nf6 10. Re1 d5 11. e5 Ne4 12. Be3 Nd7 13.
f4 Bc5 14. c3 bxc3 15. Nxc3 O-O 16. Bxe4 dxe4 17. Qd2 Nb6 18. b3 Bb4 19. Nc2 Qxd2 20.
Bxd2 Bxc3 21. Bxc3 Rac8 22. Bd4 Nd5 23. Ne3 Nxf4 24.
Nc4 Bd5 25. Nb6 Rc2 26. Nxd5 exd5 27. Kh1 Rfc8 28. b4 Ne6 29. Bg1 h5 30. b5 axb5 31. axb5 Rb8 32. b6 Nf4 33. g3 Nd3 34. Rf1 Nxe5 35.
Rac1 Re2 36. Rc7 Nf3 37. b7 Kh7 0-1

[Event "*** Qualifier 3: Titled Tuesday 3|2 Blitz"]
[Site "Chess.com"]
[Date "2017.04.18"]
[Round "8"]
[White "MITerryble"]
[Black "abubakrtagelsir"]
[Result "1-0"]
[WhiteElo "2638"]
[BlackElo "2169"]
[TimeControl "180+2"]
[EndTime "14:47:40 PDT"]
[Termination "MITerryble won on time"]

1. d4 d5 2. Nf3 Nf6 3. c4 c6 4.
Nc3 dxc4 5. a4 Bf5 6. Ne5 Nbd7 7. Nxc4 Nb6 8. Ne5 a5 9. e3 e6 10. g4 Bg6 11. h4 h5 12. Nxg6 fxg6 13. g5 Nfd5 14.
Bd3 Ne7 15. Qb3 Kf7 16. Rh3 Nf5 17. Rf3 Nd5 18. Nxd5 cxd5 19. Qxb7+ Be7 20. Bd2 Rb8 21. Qa6 Rxb2 22. Qxa5 Qb8 23. Bb5 Rc8 24. Qa6 Rcc2 25. Bc1 Bb4+ 26. Kd1 Rxc1+ 27. Kxc1 Rd2 28. Rb1 Bc3 29. Rb3 Qc7 30. Qc6 Qxc6 31. Bxc6 Ba5 32. Rb5 Bc3 33. e4 dxe4 34. Rxc3 Rxd4 35. a5 Ra4 36. Rb7+ 1-0

[Event "*** Qualifier 3: Titled Tuesday 3|2 Blitz"]
[Site "Chess.com"]
[Date "2017.04.18"]
[Round "8"]
[White "pastouche06"]
[Black "roldieyi"]
[Result "1/2-1/2"]
[WhiteElo "2312"]
[BlackElo "2229"]
[TimeControl "180+2"]
[EndTime "14:47:40 PDT"]
[Termination "Game drawn by repetition"]

1. c4 Nf6 2. Nc3 e6 3. d4 d5 4. cxd5 exd5 5. Bg5 Be7 6. e3 O-O 7. Bd3 b6 8. Nge2 Bb7 9. O-O a6 10. Rc1 h6 11. Bh4 Nbd7 12. Bb1 c5 13. dxc5 Nxc5 14. Nd4 Rc8 15. Nf5 Nce4 16. Nxe4 dxe4 17.
Qxd8 Bxd8 18. Nd6 Rxc1 19. Rxc1 Bd5 20. b3 Be7 21. Bxf6 Bxd6 22. Bd4 Ba3 23. Rc7 b5 24. Kf1 a5 25. Ke2 a4 26. Ra7 Rc8 27. bxa4 Rc1 28. axb5 Bb4 29. Bxe4 Bxe4 30. f3 Rc2+ 31. Kd1 Bd3 32. b6 Rxg2 33. b7 Rd2+ 34. Kc1 Rc2+ 35. Kd1 Rd2+ 36. Kc1 Rc2+ 37. Kd1 Rd2+ 38. Kc1 Rc2+ 39.
Kd1 1/2-1/2

[Event "*** Qualifier 3: Titled Tuesday 3|2 Blitz"]
[Site "Chess.com"]
[Date "2017.04.18"]
[Round "8"]
[White "oskariot"]
[Black "Cryptochess"]
[Result "0-1"]
[WhiteElo "2437"]
[BlackElo "2473"]
[TimeControl "180+2"]
[EndTime "14:47:58 PDT"]
[Termination "Cryptochess won on time"]

1. b3 Nf6 2. Bb2 e6 3. e3 d5 4. Nf3 c5 5. c4 Nc6 6. Be2 Be7 7. O-O O-O 8. cxd5 Nxd5 9. a3 b6 10.
Qc2 Bb7 11. d3 Rc8 12. Nbd2 Bf6 13. Rac1 Bxb2 14. Qxb2 Qe7 15. Rc2 Rfd8 16. Rfc1 e5 17. Nc4 f6 18. h3 e4 19. dxe4 Qxe4 20. Rd1 Nce7 21. Rcd2 Ba8 22. Bd3 Qe6 23. Qc2 g6 24. Be2 Rf8 25. Nb2 Kg7 26. Bc4 f5 27. Nd3 Qf6 28. Nde5 Rcd8 29. h4 h6 30. Qc1 Rd6 31. Bb5 Rfd8 32. Bf1 g5 33. hxg5 hxg5 34. Nc4 Re6 35.
Qb2 g4 36. Ng5 Rc6 37. Qxf6+ Kxf6 38. e4 Kxg5 39. exd5 Rh6 40. d6 Rdh8 0-1

[Event "*** Qualifier 3: Titled Tuesday 3|2 Blitz"]
[Site "Chess.com"]
[Date "2017.04.18"]
[Round "8"]
[White "ChessQueen"]
[Black "Malev212"]
[Result "0-1"]
[WhiteElo "2572"]
[BlackElo "2472"]
[TimeControl "180+2"]
[EndTime "14:48:05 PDT"]
[Termination "Malev212 won by resignation"]

1. e4 g6 2. d4 Bg7 3. Nc3 c6 4. Nf3 d5 5. exd5 cxd5 6. Bb5+ Bd7 7. Qe2 Nf6 8. Ne5 O-O 9. Nxd7 Nbxd7 10. O-O a6 11. Bd3 Rc8 12. Rb1 e6 13. Be3 Nb6 14.
h3 Nc4 15. Bxc4 Rxc4 16. Qd3 Qc7 17. Rfc1 Rc8 18. Qd2 Nd7 19. Ne2 b5 20. c3 a5 21.
Bh6 Bh8 22. Qd3 Qb7 23. b3 R4c6 24. a4 bxa4 25. bxa4 Qa6 26. Rb5 Nb6 27. Qd1 Nc4 28. Ra1 Bg7 29. Bf4 Rb6 30. Qb3 Rxb5 31. axb5 Qb6 32. Nc1 Bxd4 33. Nd3 Bg7 34. Re1 h5 35. Ne5 Nxe5 36. Bxe5 Bxe5 37. Rxe5 Rc5 38. c4 Rxc4 39. Re1 Rb4 40. Qg3 Rxb5 41. Qg5 Rb1 42. Rxb1 Qxb1+ 43. Kh2 Qb8+ 44. g3 Qa7 45. Qd8+ Kg7 46. g4 hxg4 47. hxg4 Qxf2+ 0-1

[Event "*** Qualifier 3: Titled Tuesday 3|2 Blitz"]
[Site "Chess.com"]
[Date "2017.04.18"]
[Round "8"]
[White "fastestmindalive"]
[Black "RaphaeI"]
[Result "1-0"]
[WhiteElo "2438"]
[BlackElo "2396"]
[TimeControl "180+2"]
[EndTime "14:48:10 PDT"]
[Termination "fastestmindalive won on time"]

1. e4 c5 2. Nc3 Nc6 3. Bb5 Nd4 4.
Nf3 a6 5. Bd3 g6 6. Nxd4 cxd4 7.
Ne2 Bg7 8. c3 d5 9. cxd4 dxe4 10.
Bxe4 Nh6 11. Qa4+ b5 12. Qb3 Rb8 13. d3 Nf5 14. d5 O-O 15. O-O Bb7 16. Bf4 Rc8 17.
Rac1 Qd7 18. Rxc8 Rxc8 19. Rc1 Rxc1+ 20. Bxc1 a5 21. h3 a4 22. Qb4 Bxd5 23. b3 axb3 24. axb3 h5 25. Nc3 Bc6 26. Bb2 h4 27. Qc5 Nd4 28.
Bxc6 Qxc6 29. Qxe7 Nxb3 30. Qd8+ Kh7 31. Qxh4+ Kg8 32.
Qd8+ Kh7 33. Qh4+ Kg8 34. Qb4 Nd4 35. Ne4 Ne2+ 36. Kh2 Qc7+ 37. g3 Qc2 38. Bxg7 Kxg7 39. Qxb5 Nc1 40. Qe5+ Kf8 41. Qd6+ Kg7 42. Qf6+ Kg8 43.
Ng5 Nxd3 44. Qxf7+ 1-0

[Event "*** Qualifier 3: Titled Tuesday 3|2 Blitz"]
[Site "Chess.com"]
[Date "2017.04.18"]
[Round "8"]
[White "Sebastian"]
[Black "Gabix_94"]
[Result "1-0"]
[WhiteElo "2652"]
[BlackElo "2523"]
[TimeControl "180+2"]
[EndTime "14:48:11 PDT"]
[Termination "Sebastian won on time"]

1. e4 c5 2. Nf3 d6 3. d4 cxd4 4.
Nxd4 Nf6 5. Nc3 Nc6 6. Bg5 Bd7 7. f3 Rc8 8. Be3 g6 9. Qd2 Bg7 10. O-O-O O-O 11. Kb1 Ne5 12. g4 Qa5 13. g5 Nh5 14.
Nd5 Qd8 15. Be2 b5 16. f4 Nc4 17. Bxc4 Rxc4 18. b3 Rc8 19. f5 e6 20. f6 exd5 21.
fxg7 Re8 22. exd5 Qe7 23. Rhe1 Qe4 24. Qf2 Qxd5 25. Bc1 Rxe1 26. Rxe1 Nxg7 27. Re7 Bf5 28. Nxf5 Nxf5 29. Rxa7 Nd4 30. Re7 Nxc2 31. Qe2 Qc6 32. Qe4 d5 33. Qf3 Rf8 34. Bb2 Nb4 35. Qc3 Qxc3 36.
Bxc3 Nd3 37. Rb7 Rc8 38. Bb2 b4 39. a4 Re8 40. Bf6 h6 41. h4 hxg5 42. hxg5 Nf4 43. a5 Re1+ 44. Kc2 Re2+ 45. Kd1 Re8 46. a6 1-0

[Event "*** Qualifier 3: Titled Tuesday 3|2 Blitz"]
[Site "Chess.com"]
[Date "2017.04.18"]
[Round "8"]
[White "superjem123"]
[Black "daro94"]
[Result "0-1"]
[WhiteElo "2554"]
[BlackElo "2748"]
[TimeControl "180+2"]
[EndTime "14:48:26 PDT"]
[Termination "daro94 won by resignation"]

1. c4 g6 2. Nf3 Bg7 3. d4 Nf6 4.
g3 O-O 5. Bg2 c6 6. O-O d6 7.
Nc3 Bf5 8. Nh4 Be6 9. d5 cxd5 10. Nxd5 Nxd5 11. cxd5 Bd7 12. Be3 Na6 13. Bd4 Bxd4 14. Qxd4 Qb6 15. Qd2 Rac8 16. Rfc1 Qb4 17. Qe3 Qxb2 18. Rcb1 Qf6 19. Qxa7 Nc5 20. Nf3 Ra8 21. Qb6 Ra6 22. Qb4 Rfa8 23. h4 Rxa2 24. Rxa2 Rxa2 25. Bf1 Bf5 26. Rc1 Be4 27. Rxc5 dxc5 28. Qxe4 b5 29. Ne5 c4 30. Ng4 Qd6 31. Qd4 f6 32. e4 e5 33.
Qe3 h5 34. Nh2 Qc7 35. Nf3 Qa7 36. Qe1 Qc5 37. Nd2 Qb4 38. Nf3 Qxe1 39. Nxe1 c3 40. Bd3 b4 41. d6 Kf8 42. Kf1 b3 43. Bc4 Ra3 44. Ke2 c2 45. Nd3 c1=Q 46. Nxc1 b2 47. Nd3 b1=Q 0-1

[Event "*** Qualifier 3: Titled Tuesday 3|2 Blitz"]
[Site "Chess.com"]
[Date "2017.04.18"]
[Round "8"]
[White "Rodalquilar"]
[Black "JoachimBN"]
[Result "1/2-1/2"]
[WhiteElo "2559"]
[BlackElo "2656"]
[TimeControl "180+2"]
[EndTime "14:48:34 PDT"]
[Termination "Game drawn by repetition"]

1. d4 Nf6 2. Bf4 g6 3. e3 Bg7 4. Nf3 O-O 5. Be2 b6 6. O-O Bb7 7. h3 d6 8. Bh2 Nbd7 9. a4 a6 10.
Nbd2 c5 11. c3 Ra7 12. Re1 Qa8 13. Bd3 Ne4 14. Nxe4 Bxe4 15. Bxe4 Qxe4 16. Qb3 Qc6 17. d5 Qc7 18. Qc4 Rb8 19. Qe2 b5 20. axb5 axb5 21. e4 Rxa1 22. Rxa1 c4 23. Rd1 b4 24. Nd4 bxc3 25.
bxc3 Bxd4 26. Rxd4 Rb1+ 27. Rd1 Rxd1+ 28. Qxd1 Qa5 29.
Qe1 Nc5 30. Bg3 Nd3 31. Qd2 Kg7 32. Kh2 f6 33. h4 h5 34. f4 Qc5 35. Qe2 Qa3 36.
e5 f5 37. Qe3 Qc5 38. Qxc5 Nxc5 39. Bf2 Ne4 40. Bd4 Kf7 41. Kg1 e6 42. dxe6+ Kxe6 43.
exd6 Kxd6 44. Kf1 Kc6 45. Ke2 Kb5 46. Kd1 Ka4 47. Kc2 Kb5 48. Kd1 Kc6 49. Ke2 Kb5 50. Kd1 Ng3 51. Bf2 Ne4 52. Bd4 Kc6 53. Ke2 1/2-1/2

[Event "*** Qualifier 3: Titled Tuesday 3|2 Blitz"]
[Site "Chess.com"]
[Date "2017.04.18"]
[Round "8"]
[White "djano"]
[Black "scrapnel"]
[Result "1/2-1/2"]
[WhiteElo "2397"]
[BlackElo "2401"]
[TimeControl "180+2"]
[EndTime "14:48:37 PDT"]
[Termination "Game drawn by agreement"]

1. d4 Nf6 2. Bf4 b6 3. e3 Bb7 4. Nd2 c5 5. c3 g6 6. Ngf3 Bg7 7.
Bd3 O-O 8. O-O Nc6 9. Qe2 d5 10. Rfe1 e6 11. h3 Rc8 12. a4 Re8 13. Bb5 Nd7 14. Bh2 c4 15. e4 a6 16. Bxc6 Bxc6 17. e5 b5 18. axb5 axb5 19. Bf4 Qb6 20. Nf1 b4 21. Ne3 Ra8 22. Ng4 Rxa1 23. Rxa1 Ra8 24. Rxa8+ Bxa8 25. Qe3 bxc3 26. bxc3 Qb1+ 27. Kh2 Qe4 28.
Qxe4 dxe4 29. Nd2 Bd5 30. Ne3 Nb6 31. f3 exf3 32. gxf3 Bf8 33. Kg3 Ba3 34. Nd1 Na4 35. Kf2 Bc1 36. Be3 Kg7 37. Nxc4 Bxc4 38. Bxc1 h6 39. Nb2 Nxb2 40. Bxb2 g5 41. Kg3 Kg6 42. f4 Kf5 43. fxg5 hxg5 44. Bc1 Bd3 45. Bd2 Bc4 46. Kf2 Bd3 47. Kg3 Bf1 48. Bc1 Bd3 49. h4 gxh4+ 50. Kxh4 Be2 51. Kg3 Ke4 52. Ba3 Kd3 53.
Bb4 Kc4 54. Kf4 Bd3 55. Kg5 Bg6 56. Kf6 Bh5 57. Ke7 Bg6 58. Kd6 Bh5 59. Ba5 Bg6 1/2-1/2

[Event "*** Qualifier 3: Titled Tuesday 3|2 Blitz"]
[Site "Chess.com"]
[Date "2017.04.18"]
[Round "8"]
[White "MyleneFarmer"]
[Black "Ilja_Semjonovs"]
[Result "0-1"]
[WhiteElo "2325"]
[BlackElo "2209"]
[TimeControl "180+2"]
[EndTime "14:48:53 PDT"]
[Termination "Ilja_Semjonovs won on time"]

1. c3 c5 2. f3 Nf6 3. g3 d5 4. b3 Nc6 5. Nh3 e5 6. Nf2 Be7 7. Bg2 O-O 8. e3 d4 9. Bb2 a5 10. Qe2 a4 11. Na3 Be6 12. c4 axb3 13. axb3 Qb6 14. O-O Qxb3 15. Rfb1 Qa4 16. Bf1 Qa5 17.
Nb5 Qb6 18. Ba3 Qd8 19. Nd3 b6 20. Nf2 Qd7 21. g4 h6 22. h4 Ne8 23. h5 Nc7 24.
Nxc7 Qxc7 25. Bg2 Ra7 26. Bb2 Rfa8 27. Rxa7 Rxa7 28. Ra1 Rxa1+ 29. Bxa1 Na5 30. d3 Qd7 31. exd4 exd4 32. Bb2 Bg5 33. f4 Bxf4 34. Qe4 Be3 35. Qa8+ Qc8 36. Qxc8+ Bxc8 37. Bf3 Nb3 38. Kg2 Nd2 39.
Be2 Bb7+ 40. Kg3 Nb3 41. Ne4 Bxe4 42. dxe4 Kf8 43. e5 Ke7 44. Kf3 Nd2+ 45. Kg3 Ne4+ 46. Kf3 Ng5+ 47. Kg3 Ne6 48. Bf3 Bf4+ 49. Kg2 Bxe5 50.
Bc6 Kd6 51. Kf3 Kxc6 52. Ke4 Bf6 53. Kf5 b5 54. cxb5+ Kxb5 55. Bc1 c4 0-1